MLB
TORONTO BLUE JAYS @ BOSTON RED SOX
06/29/2099
 
TOP OF THE 1ST
Toronto Blue Jays batting - Pitching for Boston Red Sox : LHP Nate Torgerson
Pitching: LHP Nate Torgerson
Batting: RHB Greg Bates 0-0: Foul Ball, location: 3SF
0-1: Ball
1-1: Foul Ball, location: 2F
1-2: Ball
2-2: Ball
3-2: Foul Ball, location: 7LDF
3-2: Base on Balls
Batting: RHB Danny Daugherty 0-0: Called Strike
0-1: Ball
1-1: Called Strike
1-2: Strikes out looking
Batting: RHB Greg Whitaker 0-0: Foul Ball, location: 7LMF
0-1: Ball
1-1: Foul Ball, location: 9LMF
1-2: Strikes out looking
Batting: SHB Dennis Desper 0-0: Called Strike
0-1: Ball
1-1: Ball
2-1: Foul Ball, location: 5F
2-2: Ball
3-2: Fly out, F6 (Popup, P, EV 80.6 MPH)
Top of the 1st over - 0 runs, 0 hits, 0 errors, 1 left on base; Toronto 0 - Boston 0
BOTTOM OF THE 1ST
Boston Red Sox batting - Pitching for Toronto Blue Jays : LHP Mike Cerretani
Pitching: LHP Mike Cerretani
Batting: RHB Ed Pollock 0-0: Ground out 4-3 (Groundball, 4, EV 100.6 MPH)
Batting: LHB Michael Lindstrom 0-0: Ball
1-0: Foul Ball, location: 2F
1-1: Ball
2-1: Ball
3-1: Base on Balls
Batting: SHB Tyler Den Hartog 0-0: Ball
1-0: Ball
2-0: Ball
3-0: Called Strike
3-1: Base on Balls
Michael Lindstrom to second
Batting: RHB Joe Fowler 0-0: SINGLE (Groundball, 6MD, EV 93.8 MPH)
Michael Lindstrom to third
Tyler Den Hartog to second
Runner from 3rd tries for Home, SAFE, throw by CF to home
Batting: SHB Alex Salazar 0-0: Fly out, F8 (Flyball, 8RD, EV 101.9 MPH)
Batting: RHB Alvaro Madera 0-0: Ball
1-0: Foul Ball, location: 25F
1-1: Foul Ball, location: 25F
1-2: Strikes out swinging
Bottom of the 1st over - 1 run, 1 hit, 0 errors, 2 left on base; Toronto 0 - Boston 1
TOP OF THE 2ND
Toronto Blue Jays batting - Pitching for Boston Red Sox : LHP Nate Torgerson
Batting: RHB Ricky Ulloa 0-0: Ball
1-0: Called Strike
1-1: Ball
2-1: Ball
3-1: Called Strike
3-2: SINGLE (Groundball, 4MD, EV 98.1 MPH)
Batting: RHB Victor Ramirez 0-0: Called Strike
0-1: Ball
1-1: Ball
Ricky Ulloa is caught stealing 2nd base 2-4
2-1: Swinging Strike
2-2: Foul Ball, location: 2F
2-2: Ball
3-2: Fly out, F6 (Popup, 15, EV 70.0 MPH)
Batting: RHB Justin Dupree 0-0: Called Strike
0-1: Ball
1-1: Ball
2-1: Swinging Strike
2-2: Strikes out swinging
Top of the 2nd over - 0 runs, 1 hit, 0 errors, 0 left on base; Toronto 0 - Boston 1
BOTTOM OF THE 2ND
Boston Red Sox batting - Pitching for Toronto Blue Jays : LHP Mike Cerretani
Batting: RHB Allan Presley 0-0: Ball
1-0: Ball
2-0: Ball
3-0: Base on Balls
Batting: RHB Chris Rodriguez 0-0: Called Strike
0-1: Bunted foul
0-2: Ball
1-2: Grounds into double play, 6-4-3 (Groundball, 6, EV 78.8 MPH)
Batting: RHB Edgar Rosario 0-0: Ball
1-0: Foul Ball, location: 2F
1-1: Ball
2-1: SINGLE (Groundball, 34D, EV 100.0 MPH)
Batting: RHB Ed Pollock 0-0: Called Strike
0-1: Ball
1-1: Ball
2-1: Called Strike
2-2: Foul Ball, location: 2F
2-2: Ball
3-2: Fly out, F7 (Flyball, 7D, EV 102.5 MPH)
Bottom of the 2nd over - 0 runs, 1 hit, 0 errors, 1 left on base; Toronto 0 - Boston 1
TOP OF THE 3RD
Toronto Blue Jays batting - Pitching for Boston Red Sox : LHP Nate Torgerson
Batting: SHB Mark Spalding 0-0: Ground out 5-3 (Groundball, 56, EV 98.8 MPH)
Batting: RHB William Taveras 0-0: Ball
1-0: Called Strike
1-1: Called Strike
1-2: SINGLE (Flyball, 4D, EV 96.3 MPH)
Batting: RHB Greg Bates 0-0: Ball
1-0: Swinging Strike
1-1: Ball
2-1: Ball
3-1: Base on Balls
William Taveras to second
Batting: RHB Danny Daugherty 0-0: Called Strike
0-1: Called Strike
0-2: Strikes out looking
Batting: RHB Greg Whitaker 0-0: Ball
1-0: Ball
2-0: Swinging Strike
2-1: Foul Ball, location: 2F
2-2: Fly out, F8 (Flyball, 8LD, EV 107.5 MPH)
Top of the 3rd over - 0 runs, 1 hit, 0 errors, 2 left on base; Toronto 0 - Boston 1
BOTTOM OF THE 3RD
Boston Red Sox batting - Pitching for Toronto Blue Jays : LHP Mike Cerretani
Batting: LHB Michael Lindstrom 0-0: Foul Ball, location: 5F
0-1: Ball
1-1: Ball
2-1: Ball
3-1: Ground out 4-3 (Groundball, 4, EV 87.5 MPH)
Batting: SHB Tyler Den Hartog 0-0: Called Strike
0-1: Reached on error, E6 (Groundball, 6M, EV 101.9 MPH)
Batting: RHB Joe Fowler 0-0: Swinging Strike
0-1: Ball
1-1: Called Strike
1-2: Fly out, F7 (Flyball, 7D, EV 102.5 MPH)
Runner from 2nd tags up, SAFE at 3rd, no throw by LF
Batting: SHB Alex Salazar 0-0: Called Strike
0-1: Foul Ball, location: 2F
0-2: Ball
1-2: Ball
2-2: Foul Ball, location: 9LMF
2-2: Strikes out looking
Bottom of the 3rd over - 0 runs, 0 hits, 1 error, 1 left on base; Toronto 0 - Boston 1
TOP OF THE 4TH
Toronto Blue Jays batting - Pitching for Boston Red Sox : LHP Nate Torgerson
Batting: SHB Dennis Desper 0-0: Foul Ball, location: 25F
0-1: Ball
1-1: Ball
2-1: Ball
3-1: Foul Ball, location: 9LMF
3-2: Base on Balls
Batting: RHB Ricky Ulloa 0-0: Ball
1-0: Called Strike
1-1: Grounds into double play, 5-4-3 (Groundball, 5, EV 110.6 MPH)
Batting: RHB Victor Ramirez 0-0: Called Strike
0-1: DOUBLE (Line Drive, 9LS, EV 106.3 MPH)
Batting: RHB Justin Dupree 0-0: Called Strike
0-1: Called Strike
0-2: Ball
1-2: Strikes out swinging
Top of the 4th over - 0 runs, 1 hit, 0 errors, 1 left on base; Toronto 0 - Boston 1
BOTTOM OF THE 4TH
Boston Red Sox batting - Pitching for Toronto Blue Jays : LHP Mike Cerretani
Batting: RHB Alvaro Madera 0-0: Ball
1-0: Called Strike
1-1: Ball
2-1: Ball
3-1: SINGLE (Groundball, 6MD, EV 105.6 MPH)
Batting: RHB Allan Presley 0-0: Ball
1-0: Called Strike
1-1: Swinging Strike
1-2: Ball
2-2: Strikes out swinging
Batting: RHB Chris Rodriguez 0-0: Called Strike
0-1: SINGLE (Line Drive, 4D, EV 94.4 MPH)
Alvaro Madera to second
Batting: RHB Edgar Rosario 0-0: Called Strike
0-1: SINGLE (Line Drive, 89S, EV 86.9 MPH)
Alvaro Madera to third
Chris Rodriguez to second
Batting: RHB Ed Pollock 0-0: Foul Ball, location: 25F
0-1: SINGLE (Line Drive, 56, EV 99.4 MPH)
Alvaro Madera scores
Chris Rodriguez to third
Edgar Rosario to second
Batting: LHB Michael Lindstrom 0-0: Ball
1-0: Ball
2-0: Fly out, F8 (Flyball, 8RXD, EV 105.0 MPH)
Runner from 3rd tags up, SCORES, no throw by CF
Edgar Rosario to third
Batting: SHB Tyler Den Hartog 0-0: Called Strike
Ed Pollock steals 2nd base
0-1: Called Strike
0-2: Ball
1-2: Ball
2-2: Ball
3-2: Base on Balls
Batting: RHB Joe Fowler 0-0: Called Strike
0-1: Foul Ball, location: 25F
0-2: Ball
1-2: Strikes out looking
Bottom of the 4th over - 2 runs, 4 hits, 0 errors, 3 left on base; Toronto 0 - Boston 3
TOP OF THE 5TH
Toronto Blue Jays batting - Pitching for Boston Red Sox : LHP Nate Torgerson
Batting: SHB Mark Spalding 0-0: Called Strike
0-1: Swinging Strike
0-2: Ground out 1-3 (Groundball, 15S, EV 66.9 MPH)
Batting: RHB William Taveras 0-0: Ball
1-0: Swinging Strike
1-1: Fly out, F8 (Flyball, 8RXD, EV 101.3 MPH)
Batting: RHB Greg Bates 0-0: Ball
1-0: Ball
2-0: Ball
3-0: Called Strike
3-1: Fly out, F8 (Flyball, 8RM, EV 85.6 MPH)
Top of the 5th over - 0 runs, 0 hits, 0 errors, 0 left on base; Toronto 0 - Boston 3
BOTTOM OF THE 5TH
Boston Red Sox batting - Pitching for Toronto Blue Jays : LHP Mike Cerretani
Batting: SHB Alex Salazar 0-0: Ball
1-0: Foul Ball, location: 2F
1-1: Swinging Strike
1-2: Foul Ball, location: 2F
1-2: Ball
2-2: Hit by Pitch
Pitching: RHP Bryan Bassett
Batting: RHB Alvaro Madera 0-0: Ball
1-0: Ball
2-0: Called Strike
2-1: Ball
Alex Salazar is caught stealing 2nd base 2-4
3-1: Foul Ball, location: 5F
3-2: Strikes out swinging
Batting: RHB Allan Presley 0-0: Ball
1-0: Foul Ball, location: 2F
1-1: DOUBLE (Flyball, 89XD, EV 91.3 MPH)
Batting: RHB Chris Rodriguez 0-0: Ball
1-0: Ball
2-0: Ground out 1-3 (Groundball, 23, EV 66.9 MPH)
Bottom of the 5th over - 0 runs, 1 hit, 0 errors, 1 left on base; Toronto 0 - Boston 3
TOP OF THE 6TH
Toronto Blue Jays batting - Pitching for Boston Red Sox : LHP Nate Torgerson
Batting: RHB Danny Daugherty 0-0: Called Strike
0-1: Foul Ball, location: 2F
0-2: Strikes out swinging
Batting: RHB Greg Whitaker 0-0: Called Strike
0-1: Ball
1-1: Ball
2-1: Foul Ball, location: 2F
2-2: Strikes out swinging
Batting: SHB Dennis Desper 0-0: Ground out 5-3 (Groundball, 56, EV 103.8 MPH)
Top of the 6th over - 0 runs, 0 hits, 0 errors, 0 left on base; Toronto 0 - Boston 3
BOTTOM OF THE 6TH
Boston Red Sox batting - Pitching for Toronto Blue Jays : RHP Bryan Bassett
Batting: RHB Edgar Rosario 0-0: Foul Ball, location: 7LDF
0-1: Ball
1-1: Foul Ball, location: 2F
1-2: Strikes out looking
Batting: RHB Ed Pollock 0-0: Called Strike
0-1: Ball
1-1: Ball
2-1: Bunt for hit to 2R - play at first, batter safe!
Batting: LHB Michael Lindstrom 0-0: Called Strike
0-1: Grounds into double play, 3-6-3 (Groundball, 3, EV 82.5 MPH)
Bottom of the 6th over - 0 runs, 1 hit, 0 errors, 0 left on base; Toronto 0 - Boston 3
TOP OF THE 7TH
Toronto Blue Jays batting - Pitching for Boston Red Sox : LHP Nate Torgerson
Batting: RHB Ricky Ulloa 0-0: Ball
1-0: Fly out, F8 (Flyball, 89D, EV 96.3 MPH)
Batting: RHB Victor Ramirez 0-0: Called Strike
0-1: Called Strike
0-2: Ball
1-2: Ball
2-2: Fly out, F8 (Flyball, 8LS, EV 86.9 MPH)
Batting: RHB Justin Dupree 0-0: Foul Ball, location: 9LMF
0-1: DOUBLE (Line Drive, 89M, EV 101.3 MPH)
Pitching: RHP Eric Rendleman
Batting: SHB Mark Spalding 0-0: Called Strike
0-1: Ground out 3-1 (Groundball, 34S, EV 85.6 MPH)
Top of the 7th over - 0 runs, 1 hit, 0 errors, 1 left on base; Toronto 0 - Boston 3
BOTTOM OF THE 7TH
Boston Red Sox batting - Pitching for Toronto Blue Jays : RHP Bryan Bassett
Pitching: LHP Greg Earle
Batting: SHB Tyler Den Hartog 0-0: Ball
1-0: Foul Ball, location: 2F
1-1: Called Strike
1-2: Strikes out looking
Batting: RHB Joe Fowler 0-0: Foul Ball, location: 2F
0-1: Swinging Strike
0-2: Ball
1-2: Ball
2-2: Foul Ball, location: 7LMF
2-2: Foul Ball, location: 2F
2-2: Strikes out looking
Batting: SHB Alex Salazar 0-0: Called Strike
0-1: Swinging Strike
0-2: Ball
1-2: Foul Ball, location: 5F
1-2: Ball
2-2: Strikes out looking
Bottom of the 7th over - 0 runs, 0 hits, 0 errors, 0 left on base; Toronto 0 - Boston 3
TOP OF THE 8TH
Toronto Blue Jays batting - Pitching for Boston Red Sox : RHP Eric Rendleman
Batting: RHB William Taveras 0-0: Ball
1-0: Ball
2-0: Fly out, F8 (Flyball, 8RD, EV 89.4 MPH)
Pinch Hitting: LHB John Slaff 0-0: Ball
1-0: Foul Ball, location: 2F
1-1: Ball
2-1: Foul Ball, location: 9LDF
2-2: Ball
3-2: Foul Ball, location: 23F
3-2: Strikes out swinging
Batting: RHB Danny Daugherty 0-0: Ball
1-0: Foul Ball, location: 5SF
1-1: Foul Ball, location: 7LSF
1-2: Strikes out swinging
Top of the 8th over - 0 runs, 0 hits, 0 errors, 0 left on base; Toronto 0 - Boston 3
BOTTOM OF THE 8TH
Boston Red Sox batting - Pitching for Toronto Blue Jays : LHP Greg Earle
Now in CF: John Slaff
Batting: RHB Alvaro Madera 0-0: Ball
1-0: Foul Ball, location: 7LSF
1-1: Ball
2-1: Called Strike
2-2: Strikes out looking
Batting: RHB Allan Presley 0-0: Ball
1-0: Ball
2-0: Foul Ball, location: 2F
2-1: Foul Ball, location: 2RF
2-2: Strikes out swinging
Batting: RHB Chris Rodriguez 0-0: Foul Ball, location: 2F
0-1: Ball
1-1: Ball
2-1: Foul Ball, location: 3F
2-2: Ball
3-2: Fly out, F4 (Line Drive, 4M, EV 75.0 MPH)
Bottom of the 8th over - 0 runs, 0 hits, 0 errors, 0 left on base; Toronto 0 - Boston 3
TOP OF THE 9TH
Toronto Blue Jays batting - Pitching for Boston Red Sox : RHP Eric Rendleman
Pitching: RHP Danny Urista
Now at C: Sergio Mejia
Now at 2B: Matt Palmer
Now in RF: Chris Kautz
Batting: RHB Greg Whitaker 0-0: Called Strike
0-1: SINGLE (Line Drive, 8RS, EV 108.8 MPH)
Batting: SHB Dennis Desper 0-0: Swinging Strike
0-1: Foul Ball, location: 9LSF
0-2: Strikes out swinging
Pinch Hitting: LHB Collin Coleman 0-0: Ground out 4-3 (Groundball, 34D, EV 100.6 MPH)
Greg Whitaker to second
Batting: LHB Kevin Winter 0-0: Ball
1-0: Called Strike
1-1: Foul Ball, location: 2F
1-2: Foul Ball, location: 5FF
1-2: Ball
2-2: Foul Ball, location: 3SF
2-2: TRIPLE (Line Drive, 78XD, EV 109.4 MPH)
Greg Whitaker scores
Batting: RHB Justin Dupree 0-0: Ball
1-0: Ball
2-0: Ball
3-0: Called Strike
3-1: Base on Balls
Pitching: RHP Jayden Banks
Batting: SHB Mark Spalding 0-0: Called Strike
0-1: Ball
1-1: Foul Ball, location: 2F
1-2: Strikes out swinging
Top of the 9th over - 1 run, 2 hits, 0 errors, 2 left on base; Toronto 1 - Boston 3
Friday, May 10th , 2024 - OOTP Baseball 24.11 Build 85